 Dungeon Crawl Stone Soup version 0.22-a0-392-g5dc3fd9 (webtiles) character file.

247502 magipi the Fencer (level 20, -14/146 HPs)
             Began as a Halfling Berserker on Apr 30, 2018.
             Was a High Priest of Trog.
             Killed from afar by a deep elf annihilator (52 damage)
             ... with an iron shot
             ... on level 3 of the Elven Halls on May 2, 2018.
             The game lasted 03:09:58 (41796 turns).

magipi the Fencer (Halfling Berserker)             Turns: 41796, Time: 03:09:59

Health: -14/146    AC: 31    Str: 24    XL:     20   Next: 32%
Magic:  29/29      EV: 24    Int:  5    God:    Trog [*****.]
Gold:   157        SH:  6    Dex: 17    Spells: 19/19 levels left

rFire    + . .     SeeInvis +   b - +2 fustibalus (flame)
rCold    + . .     Gourm    .   X - +2 buckler {AC+3}
rNeg     + . .     Faith    .   E - +6 scale mail of Pearag {*Corrode MR+ Slay+2 SInv}
rPois    +         Spirit   .   T - +1 helmet
rElec    .         Reflect  .   J - +2 cloak {MR+}
rCorr    +         Harm     .   B - +0 pair of gloves "Gaiph" {rF+ rC+ rN+ MR+}
MR       ++++.                  Q - +2 pair of boots
Stlth    ..........             r - amulet of regeneration
HPRegen  0.74/turn              p - ring of the Shining One's Whim {+Fly rPois SInv}
MPRegen  0.21/turn              o - ring of resist corrosion

@: about to teleport
A: small, mutation resistance 1
}: 2/15 runes: decaying, serpentine
a: Berserk, Trog's Hand, Brothers in Arms, Renounce Religion, Evoke Flight


You were on level 3 of the Elven Halls.
You worshipped Trog.
Trog was extremely pleased with you.
You were not hungry.

You visited 6 branches of the dungeon, and saw 34 of its levels.
You also visited: Ossuary.

You collected 3905 gold pieces.
You spent 3748 gold pieces at shops.

Inventory:

Hand Weapons
 a - a +2 demon blade of draining
   (You found it on level 1 of the Snake Pit)
 b - a +2 fustibalus of flaming (weapon)
   (Trog gifted it to you on level 2 of the Snake Pit)
 w - a +3 antimagic demon blade
   (Trog gifted it to you on level 14 of the Dungeon)
Missiles
 e - 50 sling bullets (quivered)
Armour
 B - the +0 pair of gloves "Gaiph" (worn) {rF+ rC+ rN+ MR+}
   (You acquired it on level 13 of the Dungeon)

   It protects you from fire.
   It protects you from cold.
   It protects you from negative energy.
   It affects your resistance to hostile enchantments.
 E - the +6 scale mail of Pearag (worn) {*Corrode MR+ Slay+2 SInv}
   (You found it on level 5 of the Dungeon)

   It affects your accuracy and damage with ranged weapons and melee attacks
   (+2).
   It affects your resistance to hostile enchantments.
   It lets you see invisible.
   It may corrode you when you take damage.
 J - a +2 cloak of magic resistance (worn)
   (You took it off Nikola on level 1 of the Swamp)
 Q - a +2 pair of boots (worn)
   (You found it on level 2 of the Elven Halls)
 T - a +1 helmet (worn)
   (You found it on level 13 of the Dungeon)
 X - a +2 buckler of protection (worn)
   (You bought it in a shop on level 3 of the Elven Halls)
Jewellery
 c - an uncursed ring of protection from cold
   (You found it on level 2 of the Dungeon)
 o - a ring of resist corrosion (right hand)
   (You found it on level 2 of the Lair of Beasts)
 p - the ring of the Shining One's Whim (left hand) {+Fly rPois SInv}
   (You found it on level 15 of the Dungeon)

   [ring of flight]

   It protects you from poison.
   It lets you see invisible.
   It lets you fly.
 r - an amulet of regeneration (around neck)
   (You found it on level 7 of the Dungeon)
Wands
 i - a wand of disintegration (10)
   (You found it on level 3 of the Swamp)
 u - a wand of scattershot (5)
   (You found it on level 1 of the Snake Pit)
 y - a wand of clouds (12)
   (You found it on level 1 of the Swamp)
 C - a wand of enslavement (17)
   (You found it on level 1 of the Lair of Beasts)
 L - a wand of paralysis (2)
   (You took it off Ijyb on level 4 of the Dungeon)
 M - a wand of iceblast (12)
   (You found it on level 5 of the Lair of Beasts)
 O - a wand of acid (13)
   (You found it on level 2 of the Lair of Beasts)
 R - a wand of polymorph (26)
   (You bought it in a shop on level 14 of the Dungeon)
 U - a wand of flame (33)
   (You found it on level 5 of the Lair of Beasts)
Scrolls
 d - 10 scrolls of remove curse
 g - 19 scrolls of teleportation
 j - 6 scrolls of identify
 s - 4 scrolls of magic mapping
 A - 10 scrolls of fog
 G - 4 scrolls of fear
 H - a scroll of enchant weapon
 I - 4 scrolls of noise
 P - 4 scrolls of blinking
 S - 3 scrolls of enchant armour
Potions
 f - 11 potions of agility
 h - 4 potions of might
 k - 2 potions of cancellation
 l - 26 potions of curing
 n - 3 potions of magic
 q - 7 potions of lignification
 t - 13 potions of heal wounds
 x - 3 potions of resistance
 z - 12 potions of haste
 D - 3 potions of invisibility
 N - 6 potions of mutation
 V - 4 potions of ambrosia
 W - 7 potions of flight
Miscellaneous
 F - a phantom mirror
 K - a phial of floods
   (You found it on level 12 of the Dungeon)
Comestibles
 v - 34 rations


   Skills:
 + Level 15.5 Fighting
 - Level 16.0 Long Blades
 - Level 13.9(14.0) Slings
 - Level 1.0(6.5) Throwing
 + Level 15.8 Armour
 + Level 15.8 Dodging
 - Level 12.0 Evocations


You had 19 spell levels left.
You didn't know any spells.

Dungeon Overview and Level Annotations

Branches:
Dungeon (15/15)            Temple (0/1) D:5            Lair (6/6) D:10
  Swamp (4/4) Lair:4        Snake (4/4) Lair:3          Orc (2/2) D:12
    Elf (3/3) Orc:2        Vaults (0/5) D:13         Depths (0/5) D:15
  Slime: Lair:5-6

Altars:
Ashenzari
Cheibriados
Okawaru
Ru
Vehumet
Xom
The Shining One
Beogh

Shops:
D:14 }   D:15 ?}*   Orc:2 :[[:   Elf:1 ==}   Elf:2 (   Elf:3 [*[?   Snake:4 ?

Annotations:
Lair:6 exclusion: 3 oklob plants
Swamp:4 Lernaean hydra
Elf:2 3 runed doors


Innate Abilities, Weirdness & Mutations

You are small and have problems with some larger weapons.
You are somewhat resistant to further mutation.


Message History

The halberd of flaming is almost destroyed.
You closely miss the halberd of flaming.
The halberd of flaming is almost destroyed.
The halberd of flaming misses you.
You riposte.
You barely miss the halberd of flaming.
The halberd of flaming is almost destroyed.
You slash the halberd of flaming!
The halberd of flaming falls from the air.
Trog accepts your kill.
Things that are here:
a halberd of flaming; a dagger Your +2 fustibalus of flaming bursts into flame!
b - a +2 fustibalus of flaming (weapon)
Unknown command.
A deep elf mage, 3 deep elf high priests and 2 deep elf annihilators come into view.
A deep elf high priest is wielding a short sword of electrocution.
The deep elf annihilator shouts!
The deep elf high priest shouts!
The deep elf mage shouts!
You hear a shout! x5
The deep elf high priest unwields an uncursed short sword.
The deep elf high priest wields a shortbow.
The deep elf high priest shoots an arrow.
The arrow hits you.
The deep elf mage casts a spell.
The deep elf mage blinks!
A deep elf blademaster comes into view. It is wielding two rapiers.
The deep elf high priest prays to its god.
The deep elf high priest begins emitting a brilliant aura!
The deep elf annihilator is empowered by the deep elf high priest's aura! x2
The deep elf mage is empowered by the deep elf high priest's aura!
The deep elf high priest invokes the aid of its god against you.
Something smites you!
The deep elf mage gestures at you while chanting.
The bolt of lightning misses you.
The deep elf blademaster shouts!
You hear a shout! x2
You hear a shout! x3
As you read the scroll of teleportation, it crumbles to dust.
You feel strangely unstable.
The deep elf high priest mumbles some strange prayers to its god.
The deep elf high priest begins emitting a brilliant aura!
The deep elf high priest shoots an arrow.
The arrow barely misses you.
The deep elf high priest utters a dark prayer and points at you.
Your life force is offered up.
The deep elf high priest shoots an arrow.
The arrow completely misses you.
Your surroundings suddenly seem different.
A deep elf sorcerer comes into view. It is wielding a short sword.
The deep elf sorcerer shouts!
A deep elf master archer comes into view.
The deep elf master archer shouts!
A deep elf mage comes into view. It is wielding a long sword.
The deep elf mage shouts!
You hear a shout! x2
The deep elf annihilator points at you and mumbles some strange words.
The crystal spear hits you!
Ouch! That really hurt!
The deep elf sorcerer is empowered by the deep elf high priest's aura!
The deep elf elementalist is empowered by the deep elf high priest's aura!
The deep elf mage points at you and mumbles some strange words.
The bolt of lightning misses you.
A deep elf mage comes into view. It is wielding a rapier of venom.
The deep elf mage casts a spell.
The deep elf mage blinks!
The deep elf sorcerer casts a spell.
The deep elf sorcerer seems to speed up.
The deep elf knight is empowered by the deep elf high priest's aura!
A deep elf annihilator comes into view. It is wielding a rapier.
The deep elf annihilator mumbles some strange words.
The deep elf annihilator blinks!
You hear a shout! x4 6 elves come into view.
Unknown command.
As you read the scroll of teleportation, it crumbles to dust.
You feel strangely unstable.
You hear a shout! x3
The deep elf annihilator casts a spell at you.
The iron shot hits you!
* * * LOW HITPOINT WARNING * * *
The deep elf master archer wields a longbow.
The deep elf master archer shoots an arrow.
The arrow closely misses you.
The deep elf annihilator is empowered by the deep elf high priest's aura! x2
The deep elf high priest invokes the aid of its god against you.
Something smites you!
* * * LOW HITPOINT WARNING * * *
The deep elf mage casts a spell.
The deep elf mage blinks!
The deep elf annihilator casts a spell.
The deep elf annihilator blinks!
The deep elf annihilator gestures wildly while chanting.
The deep elf annihilator blinks!
You hear a shout! x2
A deep elf knight and a deep elf elementalist come into view.
The deep elf elementalist is wielding a long sword of protection.
The deep elf knight is wielding a scimitar of distortion.
You feel much better.
The deep elf knight seems less brilliant. x2
The deep elf master archer shoots an arrow.
The arrow completely misses you.
The deep elf annihilator gestures at you while chanting.
The iron shot hits you!
You die...

,,,,,,,,,,*#...........#*,,,,,,,,
,,,,,,,,,..###.......###,.,,,,,,,
*,,,,,,,,....##.....##....,,,,,,,
**,,,,,,,....(###.###.....,,,,,,,
***,,,,,.................,,,,,**
**,,,,.......eee.......,,,,**
*,,,,.....e.ee..e.....,,,,*
*,,,,*#.........e...##,,,,*
*,,,*,#.#...@......#e#*,,,*
*,,,,,#*##.......#.#*.,,,,*
*,,,,,,,*#.#.e.####.,,,,,,*
*,,,,,,,,###ee.#,*,..,,,,,*
*,,,,,,,,,,#.e.#,,,,,,,,,,*
*,,,,,,,,,,§.§e.,,,,,,,,,,*
*,,,,,,,,,,ee....,,,,,,,,,*
*,,,,,,,,,,...e..e,,,,,,,,*
***,,,,,,,,,,,,,,,,,,,,,,,***


You could see a deep elf blademaster, a deep elf master archer, 3 deep elf
annihilators, 2 deep elf sorcerers, 2 deep elf elementalists, 2 deep elf
knights, 3 deep elf high priests and 3 deep elf magi.

Vanquished Creatures
  Saint Roka (Snake:3)
  Nikola (Swamp:1)
  The ghost of Totori the Slinger, an adept HaHu of Okawaru (Swamp:1)
  3 thorn hunters
  Roxanne (Snake:2)
  14 nagarajas
  A very ugly thing (D:15)
  Snorg (Lair:5)
  An ettin (D:15)
  Fannar (D:11)
  4 great orbs of eyes (D:15)
  A deep elf high priest (Elf:1)
  19 hydras
  4 vault guards (D:15)
  4 yaktaur captains (D:15)
  2 ghost crabs
  7 naga warriors
  A catoblepas (Lair:6)
  4 centaur warriors
  18 alligators
  12 anacondas
  The ghost of Totori the Nimble, a journeyman KoHu of Fedhas (D:11)
  13 dancing weapons
  6 two-headed ogres
  An ogre mage (D:15)
  4 death yaks (Lair:6)
  A tengu warrior (D:15)
  11 naga sharpshooters
  6 shock serpents
  2 spriggans
  4 deep elf knights
  Sonja (Lair:3)
  3 unseen horrors
  A sea snake (Snake:1)
  A spriggan druid (Swamp:3)
  2 shambling mangroves
  6 naga ritualists (Snake:4)
  2 salamander mystics
  14 swamp dragons
  A lindwurm (Lair:6)
  A phantasmal warrior (D:15)
  2 deep elf archers
  A harpy (D:15)
  7 orc knights
  A mana viper (Snake:4)
  4 cyclopes
  26 deep elf magi
  Pikel (D:6)
  3 oklob plants (Lair:5)
  5 ugly things
  A moth of wrath (Lair:6)
  3 orc sorcerers
  4 manticores
  8 salamanders
  Maurice (D:11)
  A molten gargoyle (D:13)
  10 guardian serpents (Snake:4)
  10 elephants
  18 naga magi
  28 black mambas
  A gargoyle (D:15)
  3 torpor snails
  16 spiny frogs
  5 yaktaurs
  A tengu conjurer (D:15)
  2 kobold demonologists
  A rime drake (shapeshifter) (Elf:2)
  2 rime drakes
  2 freezing wraiths (D:15)
  3 komodo dragons
  2 polar bears (Lair:6)
  A harpy zombie (D:15)
  2 trolls (D:10)
  20 tyrant leeches
  12 hornets
  The ghost of azzavlup the Slasher, an amateur DsAK of Lugonu (D:3)
  21 slime creatures
  28 blink frogs
  3 dream sheep (Lair:6)
  8 hippogriffs
  3 bog bodies
  A centaur simulacrum (D:13)
  An air elemental (Elf:3)
  5 wyverns
  2 water elementals
  2 shadows
  A vampire (D:14)
  A wraith (D:15)
  3 basilisks
  A golden eye (shapeshifter) (D:9)
  32 yaks
  3 fire elementals
  A fire bat (shapeshifter) (D:14)
  2 hungry ghosts
  9 vampire mosquitoes
  18 swamp worms
  13 wargs
  39 nagas
  3 acid dragons
  17 water moccasins
  2 hell hounds (Snake:1)
  9 porcupines
  Duvessa (D:5)
  3 black bears
  38 orc warriors
  2 sky beasts
  12 ice beasts
  An eye of draining (D:14)
  12 swamp drakes
  4 slaves
  12 ogres
  3 necrophages
  9 centaurs
  3 phantoms
  10 crocodiles
  Blork the orc (D:4)
  3 big kobolds
  An earth elemental (Elf:1)
  17 bullfrogs
  Dowan (D:5)
  A wyvern zombie (D:13)
  A gnoll sergeant (D:9)
  A wyvern skeleton (D:10)
  A water moccasin zombie (D:7)
  2 scorpions
  6 killer bees (D:11)
  10 wights
  9 electric eels
  3 lava snakes (D:13)
  8 crimson imps
  5 howler monkeys
  3 centaur zombies
  A bullfrog zombie (D:10)
  5 jellies
  A quasit (D:9)
  5 hounds
  Crazy Yiuf (D:2)
  14 orc priests
  19 orc wizards
  4 bullfrog skeletons
  6 centaur skeletons
  An iguana (D:9)
  Ijyb (D:4)
  11 worker ants
  A bullfrog simulacrum (D:13)
  8 mummies (Ossuary)
  A hound skeleton (D:6)
  A worker ant zombie (D:11)
  5 gnolls (D:9)
  13 adders
  An ufetubus (D:13)
  2 oozes (D:5)
  An adder zombie (D:10)
  2 worms
  2 dart slugs (D:1)
  6 leopard geckos
  82 orcs
  A ball python (D:1)
  5 giant cockroaches
  11 hobgoblins
  6 jackals (D:5)
  12 kobolds
  5 quokkas
  4 bats
  9 frilled lizards
  2 gnoll zombies (Ossuary)
  8 goblins
  A goblin zombie (D:4)
  2 hobgoblin zombies (Ossuary)
  A kobold zombie (Ossuary)
  3 orc zombies (Ossuary)
  2 quokka skeletons
  7 rats
  A rat zombie (D:4)
  A plant (Lair:5)
1076 creatures vanquished.

Vanquished Creatures (collateral kills)
  Louise (Snake:2)
  Aizul (Swamp:2)
  Azrael (Snake:1)
  A dire elephant (Lair:6)
  An ettin (D:15)
  A centaur warrior (D:15)
  An alligator (Swamp:2)
  5 death yaks (Lair:6)
  A tengu warrior (D:15)
  A dancing weapon (Elf:2)
  A deep elf archer (Elf:2)
  A mana viper (Snake:1)
  2 deep elf magi (Elf:2)
  2 guardian serpents (Snake:4)
  A rime drake (Lair:6)
  A tengu conjurer (D:15)
  2 fire elementals (Snake:1)
  A swamp worm (Lair:6)
  2 hell hounds (Snake:1)
  2 nagas (Snake:4)
  A fungus (Lair:1)
30 creatures vanquished.

Vanquished Creatures (others)
  A deep elf knight (Elf:2)
  2 salamanders (Snake:1)
  An orc wizard (D:13)
  A white imp (D:13)
  2 orcs
  9 fungi (Lair:6)
  9 plants
25 creatures vanquished.

Grand Total: 1131 creatures vanquished

Notes
Turn   | Place    | Note
-------+----------+-------------------------------------------
     0 | D:1      | magipi the Halfling Berserker began the quest for the Orb.
     0 | D:1      | Reached XP level 1. HP: 15/15 MP: 1/1
   222 | D:1      | Reached XP level 2. HP: 18/20 MP: 2/2
   527 | D:1      | Reached XP level 3. HP: 19/25 MP: 3/3
   689 | D:1      | Reached ** piety under Trog
  1076 | D:2      | Reached skill level 1 in Throwing
  1229 | D:2      | Reached XP level 4. HP: 31/31 MP: 4/4
  1377 | D:2      | Found a runed door.
  1455 | D:2      | Noticed Crazy Yiuf
  1462 | D:2      | Killed Crazy Yiuf
  1462 | D:2      | Reached XP level 5. HP: 35/36 MP: 5/5
  1624 | D:2      | Reached skill level 4 in Long Blades
  2016 | D:3      | Noticed azzavlup's ghost (amateur DsAK)
  2109 | D:3      | Killed azzavlup's ghost
  2109 | D:3      | Reached XP level 6. HP: 37/43 MP: 6/6
  2281 | D:3      | Reached skill level 5 in Long Blades
  2435 | D:3      | Reached XP level 7. HP: 47/47 MP: 7/7
  2515 | D:3      | Found a sacrificial altar of Ru.
  2707 | D:3      | Reached *** piety under Trog
  2733 | D:3      | Found a snail-covered altar of Cheibriados.
  2999 | D:4      | Found a sand-covered staircase.
  3016 | Ossuary  | Entered an ossuary
  3040 | Ossuary  | Received a gift from Trog
  3880 | D:4      | Found a glowing golden altar of the Shining One.
  3883 | D:4      | Found a radiant altar of Vehumet.
  3982 | D:4      | Noticed Ijyb
  3990 | D:4      | Killed Ijyb
  3990 | D:4      | Reached XP level 8. HP: 54/54 MP: 8/8
  4049 | D:4      | Reached skill level 6 in Long Blades
  4058 | D:4      | Found a snail-covered altar of Cheibriados.
  4060 | D:4      | Noticed Blork the orc
  4076 | D:4      | Killed Blork the orc
  4522 | D:5      | Entered Level 5 of the Dungeon
  4686 | D:5      | Found a staircase to the Ecumenical Temple.
  4769 | D:5      | Reached skill level 5 in Armour
  4769 | D:5      | Reached skill level 5 in Dodging
  4850 | D:5      | Got a faintly humming scale mail
  4966 | D:4      | Identified the +6 scale mail of Pearag {*Corrode MR+ Slay+2 SInv} (You found it on level 5 of the Dungeon)
  5268 | D:5      | Reached skill level 7 in Long Blades
  5610 | D:6      | Reached XP level 9. HP: 60/60 MP: 9/9
  5635 | D:6      | Noticed Dowan
  5637 | D:6      | Reached skill level 5 in Fighting
  5638 | D:6      | Noticed Duvessa
  5773 | D:5      | Killed Duvessa
  5862 | D:5      | Killed Dowan
  5887 | D:5      | Reached **** piety under Trog
  6213 | D:6      | Noticed Pikel
  6223 | D:6      | Killed Pikel
  6223 | D:6      | Reached skill level 8 in Long Blades
  7705 | D:8      | Found a shattered altar of Ashenzari.
  7723 | D:8      | Reached XP level 10. HP: 68/68 MP: 10/10
  7747 | D:8      | Reached skill level 9 in Long Blades
  8386 | D:8      | Received a gift from Trog
  9836 | D:10     | Entered Level 10 of the Dungeon
  9852 | D:10     | Received a gift from Trog
  9875 | D:10     | Reached skill level 10 in Long Blades
  9988 | D:10     | Reached XP level 11. HP: 74/74 MP: 11/11
 10084 | D:10     | Found a staircase to the Lair.
 10109 | D:10     | Found a shimmering altar of Xom.
 10305 | D:10     | Reached ***** piety under Trog
 10639 | D:10     | Received a gift from Trog
 10824 | D:11     | Noticed Totori's ghost (journeyman KoHu)
 10839 | D:11     | Killed Totori's ghost
 10839 | D:11     | Reached skill level 11 in Long Blades
 11264 | D:11     | Noticed a manticore
 11273 | D:11     | Killed a manticore
 11940 | D:11     | Reached XP level 12. HP: 82/82 MP: 12/12
 12134 | D:12     | Noticed Fannar
 12161 | D:11     | Killed Fannar
 12306 | D:12     | Noticed Maurice
 12325 | D:11     | Killed Maurice
 12342 | D:12     | Reached skill level 12 in Long Blades
 12756 | D:12     | Found a staircase to the Orcish Mines.
 12974 | D:12     | Noticed a two-headed ogre
 12984 | D:12     | Killed a two-headed ogre
 13279 | D:12     | Noticed a centaur warrior
 13292 | D:12     | Killed a centaur warrior
 13440 | Orc:1    | Entered Level 1 of the Orcish Mines
 13854 | Orc:2    | Entered Level 2 of the Orcish Mines
 13854 | Orc:2    | Found a staircase to the Elven Halls.
 14241 | Orc:2    | Reached skill level 10 in Dodging
 14396 | Orc:2    | Received a gift from Trog
 14418 | Orc:2    | Reached skill level 10 in Armour
 14450 | Orc:2    | Found a roughly hewn altar of Beogh.
 15236 | Orc:2    | Reached skill level 13 in Long Blades
 15395 | Orc:2    | Reached XP level 13. HP: 90/90 MP: 4/13
 15496 | Orc:2    | Found a roughly hewn altar of Beogh.
 15504 | Orc:2    | Found Kahal's Antique Armour Boutique.
 15504 | Orc:2    | Found Vana's Book Shoppe.
 15549 | Orc:2    | Found Pacaqo's Antique Armour Shoppe.
 15913 | Orc:2    | Found Uhionogu's Book Boutique.
 15961 | Orc:2    | Bought a pair of glowing boots for 142 gold pieces
 16003 | Orc:2    | Bought an encrusted plate armour for 784 gold pieces
 16016 | Orc:2    | Identified the cursed +0 plate armour of Lucidity {*Drain rC+ SInv Stlth+} (You bought it in a shop on level 2 of the Orcish Mines)
 16186 | Lair:1   | Entered Level 1 of the Lair of Beasts
 18037 | Lair:3   | Found a staircase to the Snake Pit.
 18132 | Lair:3   | Noticed Sonja
 18151 | Lair:3   | Killed Sonja
 18151 | Lair:3   | Received a gift from Trog
 18253 | Lair:3   | Reached skill level 1 in Slings
 18337 | Lair:3   | Reached skill level 14 in Long Blades
 18342 | Lair:3   | Got a bound silver amulet
 18766 | Lair:4   | Reached skill level 5 in Slings
 18883 | Lair:4   | Noticed a six-headed hydra
 18890 | Lair:4   | Killed a six-headed hydra
 19073 | Lair:4   | Found a staircase to the Swamp.
 19771 | Lair:5   | Reached XP level 14. HP: 85/98 MP: 4/14
 20138 | Lair:5   | Reached skill level 10 in Slings
 20246 | Lair:5   | Noticed Snorg
 20265 | Lair:5   | Killed Snorg
 20686 | Lair:5   | Received a gift from Trog
 20971 | Lair:6   | Entered Level 6 of the Lair of Beasts
 21406 | Lair:6   | Reached skill level 1 in Evocations
 21514 | Lair:6   | Reached skill level 10 in Fighting
 22217 | Lair:6   | Identified the amulet "Ilaxuc" {Gourm rElec rPois rF- Str+3} (You found it on level 3 of the Lair of Beasts)
 22339 | Lair:6   | Reached XP level 15. HP: 103/103 MP: 12/17
 22403 | Lair:6   | Received a gift from Trog
 23467 | D:13     | Found an iron altar of Okawaru.
 23621 | D:13     | Found a gate to the Vaults.
 23855 | D:13     | Reached skill level 5 in Evocations
 24076 | D:13     | Received a gift from Trog
 24171 | D:13     | Identified a scroll of acquirement
 24174 | D:13     | Got a pair of brightly glowing gloves
 24185 | D:13     | Identified the +0 pair of gloves "Gaiph" {rF+ rC+ rN+ MR+} (You acquired it on level 13 of the Dungeon)
 24758 | D:14     | Received a gift from Trog
 24837 | D:14     | Found Jiplarcha's Gadget Emporium.
 24894 | D:14     | Bought a wand of polymorph (12) for 224 gold pieces
 25137 | D:14     | Reached skill level 15 in Long Blades
 25440 | D:15     | Entered Level 15 of the Dungeon
 25442 | D:15     | Reached XP level 16. HP: 112/112 MP: 20/20
 25586 | D:15     | Got a twitching brass ring
 25612 | D:15     | Found the cursed necklace of Bloodlust {*Rage +Rage MR++ Int-3 Slay+6 *Curse}
 25966 | D:15     | Got a twitching ivory ring
 25975 | D:15     | Identified the ring of Bodily Harmony {*Tele Stlth+} (You found it on level 15 of the Dungeon)
 26159 | D:15     | Found Yliutui's Assorted Antiques.
 26175 | D:15     | Got a bloodstained scale mail
 26179 | D:15     | Identified the ring of the Shining One's Whim {+Fly rPois SInv} (You found it on level 15 of the Dungeon)
 26248 | D:15     | Bought a scroll of identify for 58 gold pieces
 26248 | D:15     | Bought a wand of flame (8) for 29 gold pieces
 26248 | D:15     | Identified the cursed +0 scale mail of Acroqis {+Inv} (You found it on level 15 of the Dungeon)
 26272 | D:15     | Received a gift from Trog
 26473 | D:15     | Received a gift from Trog
 26526 | D:15     | Got a faintly glowing iron ring
 26691 | D:15     | Identified the ring of the Frog {MR+ Int+4 Dex+4 SInv Stlth+} (You found it on level 15 of the Dungeon)
 26764 | D:15     | Found Genar's Magic Scroll Boutique.
 26781 | D:15     | Bought 2 scrolls of teleportation for 96 gold pieces
 26781 | D:15     | Bought a scroll of identify for 32 gold pieces
 26781 | D:15     | Bought a scroll of teleportation for 48 gold pieces
 26781 | D:15     | Bought a scroll of blinking for 120 gold pieces
 26791 | D:15     | Bought a scroll of acquirement for 832 gold pieces
 27207 | D:15     | Found a staircase to the Depths.
 27401 | D:15     | Found Usog's Gadget Shop.
 27540 | Orc:2    | Bought a glowing buckler for 142 gold pieces
 27588 | Orc:2    | Bought a glowing buckler for 210 gold pieces
 27724 | D:13     | Upgraded the game from 0.22-a0-389-g8519d86 to 0.22-a0-392-g5dc3fd9
 27917 | Swamp:1  | Entered Level 1 of the Swamp
 28025 | Swamp:1  | Reached XP level 17. HP: 104/119 MP: 7/22
 28055 | Swamp:1  | Noticed Totori's ghost (adept HaHu)
 28112 | Swamp:1  | Killed Totori's ghost
 28317 | Swamp:1  | Noticed Nikola
 28348 | Swamp:1  | Killed Nikola
 28348 | Swamp:1  | Received a gift from Trog
 29261 | Swamp:2  | Received a gift from Trog
 29801 | Swamp:2  | Noticed Aizul
 29814 | Swamp:2  | Killed Aizul
 30033 | Swamp:3  | Received a gift from Trog
 30186 | Swamp:3  | Reached skill level 16 in Long Blades
 30264 | Swamp:3  | Noticed a thorn hunter
 30277 | Swamp:3  | Killed a thorn hunter
 31141 | Swamp:4  | Entered Level 4 of the Swamp
 31609 | Swamp:4  | Noticed a thorn hunter
 31621 | Swamp:4  | Killed a thorn hunter
 31765 | Swamp:4  | Reached XP level 18. HP: 121/127 MP: 11/25
 31774 | Swamp:4  | Received a gift from Trog
 32071 | Swamp:4  | Received a gift from Trog
 32327 | Swamp:4  | Got a decaying rune of Zot
 32692 | Swamp:4  | Noticed the 27-headed Lernaean hydra
 32890 | Snake:1  | Entered Level 1 of the Snake Pit
 33308 | Snake:1  | Noticed Azrael
 33328 | Snake:1  | Killed Azrael
 33330 | Snake:1  | Reached skill level 10 in Evocations
 33571 | Snake:1  | Reached skill level 15 in Dodging
 33657 | Snake:1  | Reached skill level 15 in Armour
 33888 | Snake:1  | Received a gift from Trog
 34028 | Snake:2  | Noticed Louise
 34048 | Snake:2  | Killed Louise
 34216 | Snake:2  | Received a gift from Trog
 34548 | Snake:2  | Noticed Roxanne
 34595 | Snake:2  | Killed Roxanne
 34596 | Snake:2  | Identified Roxanne's Tome of Transformation (You took it off Roxanne on level 2 of the Snake Pit)
 35577 | Snake:3  | Reached XP level 19. HP: 73/135 MP: 27/27
 35874 | Snake:3  | Noticed Saint Roka
 35913 | Snake:3  | Killed Saint Roka
 36369 | Snake:4  | Entered Level 4 of the Snake Pit
 36492 | Snake:4  | Received a gift from Trog
 37359 | Snake:4  | Found Texiwnit's Magic Scroll Shoppe.
 37368 | Snake:4  | Bought a scroll of magic mapping for 49 gold pieces
 37368 | Snake:4  | Bought a scroll of teleportation for 42 gold pieces
 38101 | Snake:4  | Received a gift from Trog
 38197 | Snake:4  | Reached skill level 15 in Fighting
 38456 | Snake:4  | Reached ****** piety under Trog
 38916 | Snake:4  | Received a gift from Trog
 38919 | Snake:4  | Identified the +8 hunting sling of Vogiv {venom, *Drain rElec Int+3 Stlth+} (Trog gifted it to you on level 4 of the Snake Pit)
 38992 | Snake:4  | Got a serpentine rune of Zot
 39268 | Elf:1    | Entered Level 1 of the Elven Halls
 39497 | Elf:1    | Reached XP level 20. HP: 71/145 MP: 29/29
 39622 | Elf:1    | Got a coiled copper ring
 39623 | Elf:1    | Identified the ring of Bocsoa Balac {Ice +Fly rN+ MP+9 Stlth+} (You found it on level 1 of the Elven Halls)
 40121 | Elf:1    | Found Honau's Gadget Emporium.
 40121 | Elf:1    | Found Hestruplu's Jewellery Shop.
 40133 | Elf:1    | Found Pick's Jewellery Shop.
 40568 | Elf:2    | Received a gift from Trog
 40658 | Elf:2    | Found a runed gate.
 40658 | Elf:2    | Found a runed gate.
 40658 | Elf:2    | Found a runed gate.
 40729 | Elf:2    | Found Hahiy's Weapon Boutique.
 40946 | Elf:3    | Entered Level 3 of the Elven Halls
 40977 | Elf:3    | Found Tuoschaff's Antique Armour Shoppe.
 40983 | Elf:3    | Bought a runed buckler for 330 gold pieces
 40983 | Elf:3    | Bought a transparent chain mail for 418 gold pieces
 40995 | Elf:3    | Identified the cursed +1 chain mail "Kegushro" {rPois rF+ Str-5} (You bought it in a shop on level 3 of the Elven Halls)
 41040 | Elf:3    | Found Pijynev's Assorted Antiques.
 41048 | Elf:3    | Bought a potion of heal wounds for 160 gold pieces
 41048 | Elf:3    | Bought a scroll labeled PURYDY PECOMA for 32 gold pieces
 41078 | Elf:3    | Received a gift from Trog
 41135 | Elf:3    | Found Taessino's Magic Scroll Shop.
 41204 | Elf:3    | Found Unoxumy's Armour Shoppe.
 41796 | Elf:3    | Killed from afar by a deep elf annihilator

Vault maps used:
D:1:      zelgadis_glass_arrival_small, wad_floor_pattern_untrapped,
          minmay_stone_trees_small
D:2:      uniq_crazy_yiuf_cottage
D:3:      nicolae_overflow_crystal_walls, first_ration, cheibriados_altar_1
D:4:      old_standard_altar, minitemple, enter_ossuary_4, uniq_blork_the_orc,
          uniq_ijyb
D:5:      temple_fountains, kennysheep_decorative_pillar
D:6:      uniq_duvessa, uniq_pikel
D:7:      wad_woods_pond, grunt_ogre_cave
D:8:      wad_lake_hut, evilmike_ruin_ashenzari
D:10:     lair_entry_dummy, minmay_ruined_shrine
D:12:     erik_orc_4, corexii_leaking_fountain, uniq_fannar, uniq_maurice
D:13:     erik_vaults_1, basic_altar, serial_ice, serial_ice_k, serial_ice_g,
          serial_ice_o, serial_ice_a, nooodl_orcs_dogs
D:14:     roderic_roman_lattice, serial_shops, kennysheep_little_box
D:15:     hangedman_spin_cycle
Lair:1:   grunt_megastairs_5, serial_bayou_shore_a
Lair:2:   grunt_megastairs_2
Lair:3:   dummy_snake_entry, nzn_random_ring, uniq_sonja
Lair:4:   nicolae_swamp_entry_splash_gauntlet
Lair:5:   dpeg_oklob_gauntlet, infiniplex_staircase_pool, uniq_snorg
Lair:6:   hangedman_lair_in_review, minmay_slime_entry_oklob_enclosed,
          minivault_27, worms_lemuel, lemuel_fruit_tree
Swamp:1:  serial_swamp_ruin, evilmike_swamp_ruin_house_5,
          hangedman_swamp_ruin_wall, uniq_nikola
Swamp:2:  evilmike_swamp_ruin_house_6, uniq_aizul
Swamp:3:  evilmike_swamp_ruin_rubble_1
Swamp:4:  swamp_alternative, swamp_pool3, nicolae_swamp_dense_foliage,
          infiniplex_staircase_pool_2
Snake:1:  spider_trap, hangedman_snake_wide_pillar_pass, guppyfry_snake_island,
          uniq_azrael
Snake:2:  uniq_roxanne, uniq_louise
Snake:3:  uniq_saint_roka
Snake:4:  grunt_snake_rune_serpentine_throne, serial_shops, shop
Orc:1:    nicolae_orc_sculptors_studio
Orc:2:    st_orc_town, nicolae_orc_lost_temple
Elf:1:    minmay_elf_arrival_circle, kennysheep_underground_church,
          minmay_shop_grove
Elf:2:    serial_shops, shop
Elf:3:    minmay_elf_hall_hex, serial_shops, shop, shop, shop_fountains, shop
Ossuary:  ossuary_tomb_3

Skill      XL: |  1  2  3  4  5  6  7  8  9 10 11 12 13 14 15 16 17 18 19 |
---------------+----------------------------------------------------------+-----
Throwing       | 1 |  1.0
Fighting       | 3 4 5 6 7 8 9 10 11 12 13 15 | 15.5
Armour         | 3 4 5 6 7 9 10 11 12 13 14 15 | 15.8
Dodging        | 3 4 5 6 8 9 10 11 12 13 14 15 | 15.8
Long Blades    | 4 5 7 8 10 11 13 14 15 16 | 16.0
Slings         | 8 12 13 | 13.9
Evocations     | 3 5 7 9 11 12 | 12.0

Action                   |  1- 3 |  4- 6 |  7- 9 | 10-12 | 13-15 | 16-18 | 19-21 || total
-------------------------+-------+-------+-------+-------+-------+-------+-------++-------
Melee: Falchion          |    79 |    92 |   404 |   377 |       |       |       ||   952
       Scimitar          |       |       |       |   336 |       |       |       ||   336
       Double sword      |       |       |       |    95 |   550 |       |       ||   645
       Demon blade       |       |       |       |       |    24 |   570 |   409 ||  1003
 Fire: Hunting sling     |       |       |       |       |   822 |  1213 |    93 ||  2128
       Fustibalus        |       |       |       |       |       |       |   293 ||   293
Throw: Throwing net      |       |       |       |       |     2 |       |       ||     2
Invok: Berserk           |     3 |     6 |    12 |    19 |     4 |     9 |     2 ||    55
       Brothers in Arms  |       |       |       |       |     3 |     4 |     2 ||     9
       Trog's Hand       |       |       |       |       |     1 |     1 |       ||     2
Evoke: Wand              |       |       |     5 |     5 |     6 |    28 |    19 ||    63
  Use: Scroll            |       |       |    12 |    13 |    16 |    14 |    10 ||    65
       Potion            |       |       |       |       |     1 |     2 |     1 ||     4
 Stab: Sleeping          |     1 |       |       |       |       |       |       ||     1
       Paralysed         |       |       |     3 |     4 |     5 |       |       ||    12
       Distracted        |       |       |       |       |       |     1 |     1 ||     2
  Eat: Chunk             |     3 |    10 |    10 |    26 |    21 |    16 |     7 ||    93
       Ration            |       |       |     6 |     5 |     5 |     7 |     5 ||    28
Armor: Animal skin       |    10 |     5 |       |       |       |       |       ||    15
       Chain mail        |       |     1 |    94 |       |       |       |       ||    95
       Scale mail        |       |       |    78 |   240 |   196 |   313 |   137 ||   964
Dodge: Dodged            |    59 |    54 |   212 |   611 |   575 |   734 |   368 ||  2613
Block: Buckler           |       |       |       |       |       |   143 |   107 ||   250
       Rpst.: Falchion   |    16 |    12 |    64 |    76 |       |       |       ||   168
       Scimitar          |       |       |       |    80 |       |       |       ||    80
       Double sword      |       |       |       |    29 |    91 |       |       ||   120
       Demon blade       |       |       |       |       |     3 |    76 |    76 ||   155

Table legend:
 A = Spawn XP
 B = Non-spawn XP
 C = Spawn XP percentage of total XP
 D = Spawn monster count
 E = Non-spawn monster count
 F = Spawn count percentage of total count
 G = Total turns spent on level
                    A         B        C        D         E        F      G
               +---------+---------+-------+---------+---------+-------+---------
         Total |       0 |  361256 |   0.0 |       0 |    1105 |   0.0 | 41796
               +---------+---------+-------+---------+---------+-------+---------
           D:1 |       0 |      41 |   0.0 |       0 |      22 |   0.0 |   962
           D:2 |       0 |     118 |   0.0 |       0 |      24 |   0.0 |   980
           D:3 |       0 |     551 |   0.0 |       0 |      28 |   0.0 |  1023
           D:4 |       0 |     573 |   0.0 |       0 |      15 |   0.0 |  1001
           D:5 |       0 |     753 |   0.0 |       0 |      22 |   0.0 |  1340
           D:6 |       0 |     967 |   0.0 |       0 |       8 |   0.0 |   583
           D:7 |       0 |     555 |   0.0 |       0 |       7 |   0.0 |  1176
           D:8 |       0 |    1189 |   0.0 |       0 |      20 |   0.0 |   968
           D:9 |       0 |    1448 |   0.0 |       0 |      34 |   0.0 |  1273
          D:10 |       0 |    3607 |   0.0 |       0 |      30 |   0.0 |   964
          D:11 |       0 |    7390 |   0.0 |       0 |      53 |   0.0 |  1707
          D:12 |       0 |    4141 |   0.0 |       0 |      31 |   0.0 |  1124
          D:13 |       0 |   13262 |   0.0 |       0 |      63 |   0.0 |  1374
          D:14 |       0 |   11105 |   0.0 |       0 |      33 |   0.0 |  1063
          D:15 |       0 |   41320 |   0.0 |       0 |      78 |   0.0 |  1808
        Lair:1 |       0 |     997 |   0.0 |       0 |       4 |   0.0 |   843
        Lair:2 |       0 |    5355 |   0.0 |       0 |      19 |   0.0 |  1131
        Lair:3 |       0 |    5017 |   0.0 |       0 |      24 |   0.0 |   805
        Lair:4 |       0 |    5665 |   0.0 |       0 |      25 |   0.0 |  1214
        Lair:5 |       0 |   12232 |   0.0 |       0 |      40 |   0.0 |  1518
        Lair:6 |       0 |   26146 |   0.0 |       0 |      69 |   0.0 |  1901
       Swamp:1 |       0 |   18357 |   0.0 |       0 |      30 |   0.0 |  1220
       Swamp:2 |       0 |   10768 |   0.0 |       0 |      20 |   0.0 |   851
       Swamp:3 |       0 |   14592 |   0.0 |       0 |      25 |   0.0 |  1311
       Swamp:4 |       0 |   27397 |   0.0 |       0 |      53 |   0.0 |  1453
       Snake:1 |       0 |   14535 |   0.0 |       0 |      41 |   0.0 |  1084
       Snake:2 |       0 |   11694 |   0.0 |       0 |      21 |   0.0 |   969
       Snake:3 |       0 |   27903 |   0.0 |       0 |      39 |   0.0 |  1601
       Snake:4 |       0 |   53270 |   0.0 |       0 |      81 |   0.0 |  2575
         Orc:1 |       0 |    1625 |   0.0 |       0 |      19 |   0.0 |   820
         Orc:2 |       0 |    6773 |   0.0 |       0 |      56 |   0.0 |  2046
         Elf:1 |       0 |   12461 |   0.0 |       0 |      21 |   0.0 |   972
         Elf:2 |       0 |   11688 |   0.0 |       0 |      18 |   0.0 |   706
         Elf:3 |       0 |    7605 |   0.0 |       0 |      16 |   0.0 |   850
       Ossuary |       0 |     156 |   0.0 |       0 |      16 |   0.0 |   580
               +---------+---------+-------+---------+---------+-------+---------

Action                   |  1- 3 |  4- 6 |  7- 9 | 10-12 | 13-15 | 16-18 | 19-21 || total
-------------------------+-------+-------+-------+-------+-------+-------+-------++-------
Melee: Falchion          |    79 |    92 |   404 |   377 |       |       |       ||   952
       Scimitar          |       |       |       |   336 |       |       |       ||   336
       Double sword      |       |       |       |    95 |   550 |       |       ||   645
       Demon blade       |       |       |       |       |    24 |   570 |   409 ||  1003
 Fire: Hunting sling     |       |       |       |       |   822 |  1213 |    93 ||  2128
       Fustibalus        |       |       |       |       |       |       |   293 ||   293
Throw: Throwing net      |       |       |       |       |     2 |       |       ||     2
Invok: Berserk           |     3 |     6 |    12 |    19 |     4 |     9 |     2 ||    55
       Brothers in Arms  |       |       |       |       |     3 |     4 |     2 ||     9
       Trog's Hand       |       |       |       |       |     1 |     1 |       ||     2
Evoke: Wand              |       |       |     5 |     5 |     6 |    28 |    19 ||    63
  Use: Scroll            |       |       |    12 |    13 |    16 |    14 |    10 ||    65
       Potion            |       |       |       |       |     1 |     2 |     1 ||     4
 Stab: Sleeping          |     1 |       |       |       |       |       |       ||     1
       Paralysed         |       |       |     3 |     4 |     5 |       |       ||    12
       Distracted        |       |       |       |       |       |     1 |     1 ||     2
  Eat: Chunk             |     3 |    10 |    10 |    26 |    21 |    16 |     7 ||    93
       Ration            |       |       |     6 |     5 |     5 |     7 |     5 ||    28
Armor: Animal skin       |    10 |     5 |       |       |       |       |       ||    15
       Chain mail        |       |     1 |    94 |       |       |       |       ||    95
       Scale mail        |       |       |    78 |   240 |   196 |   313 |   137 ||   964
Dodge: Dodged            |    59 |    54 |   212 |   611 |   575 |   734 |   368 ||  2613
Block: Buckler           |       |       |       |       |       |   143 |   107 ||   250
       Rpst.: Falchion   |    16 |    12 |    64 |    76 |       |       |       ||   168
       Scimitar          |       |       |       |    80 |       |       |       ||    80
       Double sword      |       |       |       |    29 |    91 |       |       ||   120
       Demon blade       |       |       |       |       |     3 |    76 |    76 ||   155
